 Dungeon Sprint DCSS version 0.30.1-4-g462c640d31 (webtiles) character file.

Game seed: 7353334639725720025

39 Joey1 the Cleaver (level 3, 0/34 HPs)
             Began as a Minotaur Fighter on Sept 2, 2023.
             Was an Initiate of Trog.
             Shot with a bolt by a yaktaur captain (34 damage)
             ... in the Dungeon (Sprint V: "Ziggurat Sprint").
             The game lasted 00:06:07 (117 turns).

Joey1 the Cleaver (Minotaur Fighter)                 Turns: 117, Time: 00:06:08

Health: 0/34       AC: 27    Str: 34    XL:     3   Next: 26%
Magic:  2/2        EV:  2    Int:  5    God:    Trog [......]
Gold:   0          SH: 26    Dex:  9    Spells: 2/2 levels left

rFire   . . .        J - +16 obsidian axe {drain, demonic, Mesm Drain Fly SInv}
rCold   . . .        L - +18 shield of the Gong {Loud rN+ Will+ rCorr EV-5}
rNeg    + . .        K - +15 Maxwell's patent armour {-Cast -Tele rElec Will+ rCorr}
rPois   .            (helmet restricted)
rElec   +            (no cloak)
rCorr   +            (no gloves)
SInv    +            (no boots)
Will    ++...        (no amulet) Stlth
                     H - +6 ring of strength
HPRegen 0.25/turn    I - +6 ring of strength
MPRegen 0.08/turn

%: no teleportation, no spellcasting
@: flying, mesmerised
A: horns 2, retaliatory headbutt
a: Renounce Religion


You were in the Dungeon.
You worshipped Trog.
Trog was noncommittal.
You visited 1 branch

Inventory:

Hand Weapons
 a - a +0 war axe
 q - a +5 broad axe
 J - the +16 obsidian axe (weapon) {drain, demonic, Mesm Drain Fly SInv}
   (You found it in the Dungeon)

   Mesm:      Its wielder is mesmerised by any visible foes, and it cannot be
   unequipped while any foes are visible.
   SInv:      It lets you see invisible.
   Fly:       It grants you flight.
   Drain:     It drains your maximum health when unequipped.
Armour
 b - a +0 scale mail
 c - a +0 buckler
 k - a +3 buckler
 l - a +3 kite shield
 m - a +3 tower shield
 n - a +5 crystal plate armour
 o - +5 gold dragon scales
 p - +5 storm dragon scales
 K - the +15 Maxwell's patent armour (worn) {-Cast -Tele rElec Will+ rCorr}
   (You found it in the Dungeon)

   rElec:     It insulates you from electricity.
   -Cast:     It prevents spellcasting.
   -Tele:     It prevents most forms of teleportation.
   rCorr:     It protects you from acid and corrosion.
   Will:      It increases your willpower.
 L - the +18 shield of the Gong (worn) {Loud rN+ Will+ rCorr EV-5}
   (You found it in the Dungeon)

   Loud:      It is deafeningly noisy when blocking attacks.
   EV:        It affects your evasion (-5).
   rN:        It protects you from negative energy.
   rCorr:     It protects you from acid and corrosion.
   Will:      It increases your willpower.
Jewellery
 C - a ring of flight
 D - a +6 ring of dexterity
 E - a +6 ring of dexterity
 F - a +6 ring of intelligence
 G - a +6 ring of intelligence
 H - a +6 ring of strength (left hand)
 I - a +6 ring of strength (right hand)
Wands
 y - a wand of mindburst (7)
 A - a wand of iceblast (19)
 B - a wand of acid (7)
Scrolls
 j - 4 scrolls of blinking
 r - 4 scrolls of amnesia
 s - 7 scrolls of fog
 t - 5 scrolls of identify
 u - 2 scrolls of fear
Potions
 d - 6 potions of might
 e - 10 potions of curing
 f - 10 potions of heal wounds
 g - 6 potions of haste
 h - 7 potions of magic
 i - 3 potions of berserk rage
 v - 2 potions of brilliance
 w - 2 potions of invisibility
 x - 4 potions of resistance


   Skills:
 + Level 4.4 Fighting
 * Level 9.5 Axes
 + Level 4.4 Armour
 + Level 0.0 Dodging
 + Level 4.4 Shields


You had 2 spell levels left.
You didn't know any spells.
Your spell library was empty.

Dungeon Overview and Level Annotations

Branches:
Dungeon (1/1)

Altars:
Ashenzari
Cheibriados
Dithmenos
Elyvilon
Fedhas
Gozag
Hepliaklqana
Kikubaaqudgha
Makhleb
Nemelex Xobeh
Okawaru
Qazlal
Ru
Sif Muna
Trog
Uskayaw
Vehumet
Wu Jian
Xom
Yredelemnul
Zin
The Shining One
Jiyva
Lugonu

Annotations:
D 1 transporter


Innate Abilities, Weirdness & Mutations

You have a pair of horns on your head.
You reflexively headbutt those who attack you in melee.


Message History

You have reached level 3!
Your experience leads to an increase in your attributes!
Your base attributes are Str 20, Int 5, Dex 9.
Increase (S)trength, (I)ntelligence, or (D)exterity?
You feel stronger. x2
Items here: ( ) [ †.
You see here a +2 long sword of holy wrath.
You see here a staff of fire.
There is a transporter here.
Your movement speed is average.
Your attack delay is about 1.1.
Your damage rating with your +0 war axe is about 22 (Base 11 x 160% (Str) x 127% (Skill)).
Your base attributes are Str 22, Int 5, Dex 9.
Really wield
J - the +16 obsidian axe {drain, demonic, Mesm Drain Fly SInv}?
You fly up into the air.
You sense an unholy aura.
J - the +16 obsidian axe (weapon)
{drain, demonic, Mesm Drain Fly SInv} You are flying.
Your flying speed is average.
Your attack delay is about 1.2.
Your damage rating with the +16 obsidian axe {drain, demonic, Mesm Drain Fly SInv} is about 42 (Base 13 x 160% (Str) x 127% (Skill) + 16 (Ench)).
Your base attributes are Str 22, Int 5, Dex 9.
There is a transporter here.
Welcome to arena 2.
You enter the transporter and appear at another place.
An entropy weaver and 2 yaktaur captains come into view.
Visions of slaying the entropy weaver flood into your mind.
The yaktaur captain shouts! x2
The yaktaur captain wields a +0 arbalest.
The yaktaur captain shoots a bolt.
GONNNNG!
You block the bolt.
The yaktaur captain wields a +0 arbalest.
The yaktaur captain shoots a bolt.
PTOANNNG!
You block the bolt.
Found a staff of conjuration, a tin of tremorstones (2/2) and a book of Storms.
Found a transporter.
The entropy weaver gestures at you while chanting.
The yaktaur captain shoots a bolt.
GONNNNG!
You block the bolt.
The yaktaur captain shoots a bolt.
The bolt hits you!!
Ouch! That really hurt!
You die...

▓▓▓▓▓▓▓▓▓▓▓▓▓
▓.8©8.▓.8©8.▓
▓.c|c.▓.....▓
▓..B..▓.).|.▓
▓.....▓.....▓
▓.....▓.))..▓
▓..@..▓..©..▓
▓..©..▓▓▓▓▓▓▓
▓▓▓▓▓▓▓


You could see 2 yaktaur captains and an entropy weaver (mesmerising).

Vanquished Creatures
  An orc priest (D)
  An orc (D)
2 creatures vanquished.

Notes
Turn   | Place    | Note
-------+----------+-------------------------------------------
     0 | D        | Joey1 the Minotaur Fighter began the quest for the Orb.
     0 | D        | Reached XP level 1. HP: 19/19 MP: 0/0
     2 | D        | Found a blossoming altar of Fedhas.
     2 | D        | Found the +6 Majin-Bo {spellvamp, MP+6 Int+6}
     2 | D        | Found the +27 heavy crossbow "Sniper" {heavy, Acc+∞ SInv}
     2 | D        | Found the +10 dark maul {heavy}
     2 | D        | Found the +15 Maxwell's patent armour {-Cast -Tele rElec
                  | Will+ rCorr}
     2 | D        | Found the +18 shield of the Gong {Loud rN+ Will+ rCorr
                  | EV-5}
     2 | D        | Found the +16 obsidian axe {drain, demonic, Mesm Drain Fly
                  | SInv}
     2 | D        | Found the +7 great mace "Firestarter" {flame, immolate,
                  | rFlCloud rF++}
     2 | D        | Found the +6 shillelagh "Devastator" {shatter}
     2 | D        | Found the +11 plutonium sword {Contam Stlth-}
     2 | D        | Found the +8 lance "Wyrmbane" {slay drac, rPois rF+ rC+
                  | AC+3}
     2 | D        | Found the +9 sword of Zonguldrok {reap}
     2 | D        | Found the +13 scythe of Curses {drain, curses, Drain}
     2 | D        | Found the +9 sword of Power {lifebolt}
     2 | D        | Found the +7 mace of Variability {chaos, chaos arc}
     2 | D        | Found the +11 Singing Sword {sonic wave}
     2 | D        | Found the +8 storm bow {elec, penet}
     7 | D        | Found a viscous altar of Jiyva.
     7 | D        | Found a hazy altar of Hepliaklqana.
     7 | D        | Found a transporter.
     7 | D        | Found an opulent altar of Gozag.
     7 | D        | Found an ancient bone altar of Kikubaaqudgha.
     7 | D        | Found a corrupted altar of Lugonu.
    19 | D        | Found a burning altar of Makhleb.
    20 | D        | Found a sacrificial altar of Ru.
    20 | D        | Found a stormy altar of Qazlal.
    20 | D        | Found a shimmering blue altar of Sif Muna.
    20 | D        | Found an iron altar of Okawaru.
    20 | D        | Found a bloodstained altar of Trog.
    20 | D        | Found a sparkling altar of Nemelex Xobeh.
    83 | D        | Became a worshipper of Trog the Wrathful
    95 | D        | Entered arena 2.
    95 | D        | Noticed an orc priest
    95 | D        | Found a transporter.
    96 | D        | Reached skill level 9 in Axes
    96 | D        | Reached XP level 2. HP: 26/26 MP: 1/1
   100 | D        | Reached XP level 3. HP: 34/34 MP: 2/2
   116 | D        | Entered arena 3.
   116 | D        | Noticed a yaktaur captain
   116 | D        | Noticed an entropy weaver
   116 | D        | Noticed a yaktaur captain
   116 | D        | Found a transporter.
   117 | D        | Shot with a bolt by a yaktaur captain

Illustrated notes

Levels and vault maps discovered:
D:        sprint_v [room_start, room_1, room_2, room_3, room_4, room_5, room_6,
          room_7, room_8, room_9, room_10, room_11, room_12, room_13, room_14,
          room_15, room_16, room_17, room_18, room_19, room_20, room_21,
          room_22, room_23, room_24, room_25, room_26, room_27]

Skill      XL: |  1  2 |
---------------+-------+-----
Axes           | 9 |  9.5
Fighting       | 4 |  4.4
Armour         | 4 |  4.4
Shields        | 4 |  4.4

Action                     || total
---------------------------++-------
  Melee: War axe           ||     3
    Use: Potion            ||     1
  Block: Kite shield       ||     5
